 Dungeon Crawl Stone Soup version 0.26-a0-466-g989023bd0d (webtiles) character file.

Game seed: 960372134122411758

24676 Lanoc the Carver (level 12, -6/110 HPs)
             Began as a Purple Draconian Monk on Aug 12, 2020.
             Was a High Priest of Elyvilon.
             Mangled by an eight-headed hydra (10 damage)
             ... on level 15 of the Dungeon.
             The game lasted 00:26:40 (16145 turns).

Lanoc the Carver (Purple Draconian Monk)           Turns: 16145, Time: 00:26:41

Health: -6/110     AC: 11    Str: 13    XL:     12   Next: 82%
Magic:  17/18      EV: 24    Int: 12    God:    Elyvilon [*****.]
Gold:   808        SH:  6    Dex: 18    Spells: 11/11 levels left

rFire    . . .     SeeInvis .   b - +4 scimitar
rCold    x . .     Faith    +   g - +1 buckler
rNeg     + . .     Spirit   .   (armour unavailable)
rPois    +         Reflect  .   (helmet restricted)
rElec    .         Harm     .   k - scarf {repulsion}
rCorr    .         Clarity  +   (no gloves)
MR       +++..                  a - +2 pair of boots {run}
Stlth    +++.......             y - amulet of faith
HPRegen  0.28/turn              E - ring "Baaror" {rPois rC- rN+ MR++ Slay+4}
MPRegen  0.16/turn              e - +4 ring of evasion

@: repel missiles, quick
A: breathe power, unfitting armour, hooves 1, camouflage 1, blink, clarity,
screaming 1, cold-blooded, AC +8
a: Breathe Dispelling Energy, Blink, Lesser Healing, Heal Other, Purification,
Greater Healing, Divine Vigour, Divine Protection, Renounce Religion


You were on level 15 of the Dungeon.
You worshipped Elyvilon.
Elyvilon was extremely pleased with you.
You visited 3 branches of the dungeon, and saw 17 of its levels.
You also visited: Bailey.

You collected 808 gold pieces.

Inventory:

Hand Weapons
 b - a +4 scimitar (weapon)
Armour
 a - a +2 pair of boots of running (worn)
 g - a +1 buckler (worn)
 k - a scarf of repulsion (worn)
 l - a +0 tower shield
 t - a +0 kite shield
Jewellery
 e - a +4 ring of evasion (right hand)
 s - an uncursed ring of resist corrosion
 y - an amulet of faith (around neck)
 C - the ring "Uprost" {+Blink +Fly rPois Str-2}
   (You took it off an orc wizard on level 9 of the Dungeon)

   [ring of flight]

   It affects your strength (-2).
   It protects you from poison.
   It lets you fly.
   It lets you blink.
 E - the ring "Baaror" (left hand) {rPois rC- rN+ MR++ Slay+4}
   (You found it on level 9 of the Dungeon)

   [ring of slaying]

   It affects your accuracy and damage with ranged weapons and melee attacks
   (+4).
   It makes you vulnerable to cold.
   It protects you from poison.
   It protects you from negative energy.
   It affects your resistance to hostile enchantments.
Wands
 d - a wand of flame (52)
 x - a wand of paralysis (23)
 F - a wand of digging (2)
Scrolls
 c - 6 scrolls of remove curse
 f - 2 scrolls of fear
 h - 10 scrolls of identify
 i - a scroll of teleportation
 j - 3 scrolls of amnesia
 p - a scroll of magic mapping
 u - a scroll of silence
 G - a scroll of immolation
Potions
 n - a potion of heal wounds
 o - a potion of lignification
 v - 2 potions of invisibility
 w - 6 potions of flight
 z - 2 potions of haste
 A - a potion of cancellation {unknown}
 B - a potion of curing
 H - a potion of stabbing {unknown}


   Skills:
 + Level 11.4 Fighting
 - Level 14.0 Long Blades
 + Level 9.9 Dodging
 - Level 1.7 Stealth
 - Level 4.0 Shields
 + Level 8.3 Invocations


You had 11 spell levels left.
You didn't know any spells.
Your spell library contained the following spells:

 Spells                   Type           Power        Failure   Level
 Beastly Appendage        Tmut           #.....       32%         1
 Magic Dart               Conj           #...         32%         1
 Summon Small Mammal      Summ           #...         32%         1
 Call Imp                 Summ           #.......     45%         2
 Ensorcelled Hibernation  Hex/Ice        #.....       45%         2
 Poisonous Vapours        Pois/Air       #.....       45%         2
 Searing Ray              Conj           #.....       45%         2
 Wereblood                Tmut           #.......     45%         2
 Call Canine Familiar     Summ           #.......     69%         3
 Conjure Flame            Conj/Fire      #.......     69%         3
 Dazzling Flash           Conj/Hex       #.....       69%         3
 Mephitic Cloud           Conj/Pois/Air  #.......     69%         3
 Spider Form              Tmut/Pois      #.........   69%         3
 Summon Guardian Golem    Hex/Summ       #.......     69%         3
 Fulminant Prism          Conj/Hex       #.........   97%         4
 Ice Form                 Ice/Tmut       #.......     97%         4
 Iskenderun's Mystic Bla  Conj/Tloc      #.......     97%         4
 Summon Ice Beast         Ice/Summ       #.......     97%         4
 Summon Lightning Spire   Summ/Air       #.......     97%         4
 Blade Hands              Tmut           #.........   100%        5
 Bolt of Magma            Conj/Fire/Erth #.........   100%        5
 Borgnjor's Vile Clutch   Necr/Erth      #.........   100%        5
 Iskenderun's Battlesphe  Conj           #.......     100%        5
 Silence                  Hex/Air        #.........   100%        5
 Freezing Cloud           Conj/Ice/Air   #.........   100%        6
 Iron Shot                Conj/Erth      #.........   100%        6
 Shadow Creatures         Summ           N/A          100%        6
 Orb of Destruction       Conj           #.........   100%        7
 Spellforged Servitor     Conj/Summ      #.........   100%        7


Dungeon Overview and Level Annotations

Branches:
Dungeon (15/15)            Temple (1/1) D:4            Lair (0/6) D:10
    Orc (1/2) D:9          Bailey (visited)
 Vaults: D:13-14     Depths: D:15

Altars:
Ashenzari
Cheibriados
Dithmenos
Elyvilon
Fedhas
Gozag
Hepliaklqana
Kikubaaqudgha
Makhleb
Nemelex Xobeh
Okawaru
Qazlal
Ru
Sif Muna
Trog
Uskayaw
Vehumet
Wu Jian
Xom
Yredelemnul
Zin
The Shining One

Shops:
D:12 =

Portals:
Trove: D:13 (show slimy rune of Zot)

Annotations:
Orc:1 Snorg


Innate Abilities, Weirdness & Mutations

You can breathe bolts of dispelling energy.
Your rich purple scales are hard. (AC +8)
You cannot fit into any form of body armour.
You are cold-blooded and may be slowed by cold attacks.
You have large cloven feet.
Your skin changes colour to match your surroundings (Stealth+).
You can translocate small distances at will.
You possess an exceptional clarity of mind.
You occasionally shout uncontrollably at your foes.


Message History

You slash the dire elephant!
You kill the dire elephant!
Training target 14.0 for Long Blades reached!
Your Long Blades skill increases to level 14!
Your Invocations skill increases to level 8!
A wight comes into view. It is wielding a +1 short sword.
You shout at the eight-headed hydra!
An eight-headed hydra comes into view.
The eight-headed hydra roars!
You block the eight-headed hydra's attack.
The eight-headed hydra completely misses you.
You block the eight-headed hydra's attack.
The eight-headed hydra completely misses you.
The eight-headed hydra bites you!
* * * LOW HITPOINT WARNING * * *
The eight-headed hydra bites you but does no damage.
The eight-headed hydra bites you.
* * * LOW HITPOINT WARNING * * *
The eight-headed hydra bites you!
You die...

#.....####.....####...#J.
#.......... ............
#.......# +####..........
#.......#.....#..).......
#########....)..#.....#.((.......
........(.......'....##(.........
.###########....#....#(.(........
#...D######...........
#....@..zz(....z......
#........(....########
######....(.###......
#####..(........ #..#........
#..#....(...# #..#........#
######..#........#
........#..[.....#


You could see an eight-headed hydra and 2 wights.

Vanquished Creatures
  A dire elephant (D:15)
  Harold (D:8)
  2 centaur warriors
  A two-headed ogre (D:8)
  A death knight (D:11)
  A tengu warrior (D:11)
  An unseen horror (D:11)
  Pikel (D:5)
  An orc knight (D:15)
  2 ugly things
  2 manticores
  A cyclops (D:15)
  A centaur skeleton (D:12)
  Psyche (D:8)
  Joseph (D:8)
  Maurice (D:8)
  A kobold demonologist (D:15)
  A jumping spider (shapeshifter) (D:9)
  A hornet (D:10)
  5 trolls
  Grinder (D:3)
  2 hippogriffs
  9 yaks
  A shadow (D:11)
  3 wraiths
  2 wyverns
  A golden eye (shapeshifter) (D:15)
  Menkaure (D:4)
  2 basilisks
  8 vampire mosquitoes
  A warg (D:9)
  An acid dragon (D:10)
  A soldier ant (D:9)
  4 porcupines (D:10)
  14 orc warriors
  A hornet zombie (D:7)
  3 phantoms
  4 ice beasts
  4 sky beasts
  3 black bears
  A necrophage (D:9)
  6 ogres
  9 centaurs
  A big kobold (D:10)
  4 crocodiles
  Blork the orc (D:6)
  9 bullfrogs
  A gnoll sergeant (D:7)
  A wyvern skeleton (D:7)
  A water moccasin zombie (D:11)
  3 scorpions
  4 killer bees (D:12)
  32 wights
  2 electric eels (D:10)
  7 howler monkeys
  2 centaur zombies
  7 hounds
  A lava snake (D:9)
  A bullfrog zombie (D:5)
  A gnoll shaman (D:10)
  3 jellies
  4 orc priests
  A bullfrog skeleton (D:12)
  4 iguanas
  Terence (D:3)
  9 orc wizards
  12 worker ants
  A hound skeleton (D:8)
  11 gnolls
  9 adders
  2 howler monkey skeletons
  3 white imps
  An ufetubus (D:9)
  2 oozes
  An adder zombie (D:7)
  An adder skeleton (D:9)
  2 worms (D:3)
  5 leopard geckos
  50 orcs
  A ball python (D:4)
  4 bats
  A bat zombie (D:5)
  4 giant cockroaches (D:3)
  10 goblins
  8 hobgoblins
  4 jackals (D:3)
  7 quokkas
  A frilled lizard (D:2)
  A jackal skeleton (D:6)
  6 kobolds
  4 rats
  A rat zombie (D:5)
  2 butterflies (D:4)
363 creatures vanquished.

Vanquished Creatures (others)
  A gnoll (D:10)
  An adder (D:10)
  2 fungi (D:10)
  6 plants (D:10)
10 creatures vanquished.

Grand Total: 373 creatures vanquished

Notes
Turn   | Place    | Note
-------+----------+-------------------------------------------
     0 | D:1      | Lanoc the Draconian Monk began the quest for the Orb.
     0 | D:1      | Reached XP level 1. HP: 19/19 MP: 1/1
   171 | D:2      | Reached XP level 2. HP: 12/26 MP: 2/2
   530 | D:3      | Reached skill level 1 in Shields
   530 | D:3      | Reached XP level 3. HP: 19/31 MP: 3/3
   790 | D:3      | Noticed Grinder
   978 | D:3      | Reached XP level 4. HP: 38/40 MP: 4/4
  1078 | D:3      | Noticed Terence
  1093 | D:3      | Killed Terence
  1093 | D:3      | Reached skill level 4 in Long Blades
  1365 | D:3      | Reached XP level 5. HP: 34/46 MP: 5/5
  1468 | D:3      | Gained mutation: You occasionally shout uncontrollably at
                  | your foes. [potion of mutation]
  1468 | D:3      | Gained mutation: You have a pair of small horns on your
                  | head. [potion of mutation]
  1491 | D:3      | Paralysed by Grinder for 3 turns
  1516 | D:3      | Killed Grinder
  1516 | D:3      | Reached skill level 5 in Long Blades
  1516 | D:3      | Reached XP level 6. HP: 27/53 MP: 6/6
  2190 | D:4      | Your scales start taking on a rich purple colour.
  2190 | D:4      | Reached XP level 7. HP: 53/60 MP: 7/7
  2360 | D:4      | Noticed a two-headed ogre
  2595 | D:4      | Noticed Menkaure
  2604 | D:4      | Killed Menkaure
  2604 | D:4      | Reached skill level 5 in Fighting
  2790 | D:5      | Entered Level 5 of the Dungeon
  2829 | D:5      | Reached skill level 6 in Long Blades
  2912 | D:5      | Noticed Pikel
  2930 | D:5      | Killed Pikel
  2930 | D:5      | Reached skill level 5 in Dodging
  2930 | D:5      | Reached XP level 8. HP: 31/70 MP: 8/8
  2937 | D:5      | Reached skill level 7 in Long Blades
  3235 | D:5      | Found an iron altar of Okawaru.
  3556 | D:5      | Found an ancient bone altar of Kikubaaqudgha.
  4004 | D:6      | Reached skill level 8 in Long Blades
  4138 | D:6      | Reached XP level 9. HP: 78/78 MP: 9/9
  4824 | D:7      | Noticed Blork the orc
  4832 | D:7      | Reached skill level 9 in Long Blades
  4846 | D:6      | Killed Blork the orc
  5524 | D:7      | Reached skill level 10 in Long Blades
  5897 | D:7      | Reached XP level 10. HP: 60/88 MP: 10/10
  6104 | D:7      | Found a blossoming altar of Fedhas.
  6305 | D:4      | Found a staircase to the Ecumenical Temple.
  6314 | Temple   | Entered the Ecumenical Temple
  6503 | Temple   | Became a worshipper of Elyvilon the Healer
  6503 | Temple   | Reached * piety under Elyvilon
  6503 | Temple   | Reached ** piety under Elyvilon
  6810 | D:8      | Noticed Maurice
  6863 | D:8      | Killed Maurice
  6863 | D:8      | Reached skill level 1 in Invocations
  7019 | D:8      | Noticed a two-headed ogre
  7036 | D:8      | Killed a two-headed ogre
  7154 | D:8      | Found a shadowy altar of Dithmenos.
  7187 | D:8      | Noticed Harold
  7206 | D:8      | Killed Harold
  7349 | D:8      | Reached skill level 11 in Long Blades
  7577 | D:8      | Found a hazy altar of Hepliaklqana.
  7589 | D:8      | Noticed Psyche
  7597 | D:8      | Killed Psyche
  7699 | D:8      | Noticed Joseph
  7710 | D:8      | Killed Joseph
  8058 | D:9      | Reached *** piety under Elyvilon
  8120 | D:9      | Found a glowing silver altar of Zin.
  8292 | D:9      | Lost mutation: You have a pair of small horns on your head.
                  | [potion of mutation]
  8292 | D:9      | Gained mutation: You are clumsy. (Dex -2) [potion of
                  | mutation]
  8292 | D:9      | Gained mutation: Your skin changes colour to match your
                  | surroundings (Stealth+). [potion of mutation]
  8293 | D:9      | Lost mutation: You are clumsy. (Dex -2) [potion of
                  | mutation]
  8293 | D:9      | Gained mutation: You possess an exceptional clarity of
                  | mind. [potion of mutation]
  8293 | D:9      | Gained mutation: You can translocate small distances at
                  | will. [potion of mutation]
  8293 | D:9      | Gained mutation: You have large cloven feet. [potion of
                  | mutation]
  8333 | D:9      | Noticed a manticore
  8347 | D:9      | Killed a manticore
  8358 | D:9      | Reached XP level 11. HP: 45/97 MP: 14/14
  8363 | D:9      | Identified the ring "Uprost" {+Blink +Fly rPois Str-2}
  8565 | D:9      | Got a bound amber ring
  8572 | D:9      | Got a heavily runed silver ring
  8574 | D:9      | Identified the ring "Okycosye" {Wiz Dex+4} (You found it on
                  | level 9 of the Dungeon)
  8576 | D:9      | Identified the ring "Baaror" {rPois rC- rN+ MR++ Slay+4}
                  | (You found it on level 9 of the Dungeon)
  8583 | D:9      | Got an ancient platinum ring
  8585 | D:9      | Identified the ring "Methry" {*Tele Str-5 Dex+4} (You found
                  | it on level 9 of the Dungeon)
  9131 | D:9      | Found a staircase to the Orcish Mines.
  9248 | D:9      | Found a burning altar of Makhleb.
  9363 | Orc:1    | Entered Level 1 of the Orcish Mines
  9370 | Orc:1    | Noticed an orc knight
  9370 | Orc:1    | Noticed Snorg
  9371 | Orc:1    | Noticed an ettin
  9372 | Orc:1    | Noticed an orc knight
  9872 | D:10     | Entered Level 10 of the Dungeon
 10341 | D:10     | Reached **** piety under Elyvilon
 10519 | D:10     | Reached skill level 12 in Long Blades
 10530 | D:10     | Reached skill level 5 in Invocations
 10787 | D:10     | Found a staircase to the Lair.
 11027 | D:10     | Reached skill level 10 in Fighting
 11757 | D:11     | Noticed a death knight
 11781 | D:11     | Killed a death knight
 11805 | D:11     | Noticed a cyan ugly thing
 11819 | D:11     | Killed a cyan ugly thing
 11920 | D:11     | Noticed a centaur warrior
 11929 | D:11     | Killed a centaur warrior
 12383 | D:11     | Noticed a tengu warrior
 12397 | D:11     | Killed a tengu warrior
 12397 | D:11     | Reached XP level 12. HP: 42/107 MP: 16/16
 12646 | D:11     | Noticed a yaktaur captain
 12745 | D:11     | Noticed an eight-headed hydra
 12749 | D:11     | Reached skill level 13 in Long Blades
 13421 | D:12     | Reached ***** piety under Elyvilon
 13479 | D:12     | Found Doyc's Jewellery Shop.
 14099 | D:13     | Found a flagged portal.
 14111 | Bailey   | Entered a bailey
 14818 | Bailey   | Identified a +2 pair of boots of running (You found it in a
                  | bailey)
 15045 | D:13     | Found a portal to a secret trove of treasure.
 15155 | D:13     | You fall into a shaft and drop 2 floors!
 15155 | D:15     | Entered Level 15 of the Dungeon
 15206 | D:14     | Noticed a centaur warrior
 15219 | D:14     | Killed a centaur warrior
 15512 | D:14     | Noticed an eight-headed hydra
 15787 | D:15     | Noticed a centaur warrior
 15789 | D:15     | Noticed a centaur warrior
 15793 | D:15     | Noticed a dire elephant
 16136 | D:15     | HP: 4/110 [dire elephant (3)]
 16140 | D:15     | Killed a dire elephant
 16140 | D:15     | Reached skill level 14 in Long Blades
 16144 | D:15     | Noticed an eight-headed hydra
 16145 | D:15     | HP: 4/110 [eight-headed hydra (2)]
 16145 | D:15     | Mangled by an eight-headed hydra

Illustrated notes

Levels and vault maps discovered:
D:1:      minmay_arrival_four_loops, layout_loops_ring, st_stairs_13,
          minmay_misc_feat_tiny
D:2:      minmay_door_path, layout_loops_ring, led_sif_pool
D:3:      layout_basic, nrook_mini_backslash, uniq_terence, uniq_grinder
D:4:      layout_loops_ring, minmay_temple_entry_butterflies, uniq_menkaure
D:5:      layout_basic, lemuel_zombie_altar_kikubaaqudgha,
          corexii_item_surrounded_by_moat, okawaru_trees_2, uniq_pikel
D:6:      layout_gridville
D:7:      layout_rooms, fedhas_ov_isle_minmay, sword_in_stone
D:8:      layout_basic, lemuel_round_altar, lemuel_round_altar,
          kennysheep_opposing_triangles, uniq_maurice, uniq_psyche, uniq_joseph,
          uniq_harold
D:9:      minmay_the_grid_triangle_9x9_rhombus_thin
          [minmay_the_grid_triangle_9x9_sparse_checkered,
          minmay_the_grid_triangle_9x9_prize_special,
          minmay_the_grid_triangle_9x9_negative_grid,
          minmay_the_grid_triangle_9x9_odd_lines], layout_loops_cross,
          zin_scriptorium, lightli_temple_of_fire, david_orc_4,
          chequers_serial_rivers_small_b
D:10:     cheibrodos_helix_gallery, layout_cave_pods, minmay_lair_entry_grove,
          kennysheep_another_room
D:11:     kennysheep_blocky_room, layout_rooms, library_closet, minmay_evil_grid
D:12:     layout_long_grid, serial_shops, nicolae_shop_waterfront,
          hangedman_decor_riveting
D:13:     layout_irregular_city, grunt_vaults_entry_tiered, enter_trove_0,
          lightli_bailey_entry_fortress
D:14:     layout_roguey [special_room_orc], chequers_garden, uniq_louise
D:15:     hangedman_depths_entry_try_elsewhere_first, layout_irregular_city,
          hangedman_abyss_or_decor_passed
Temple:   eino_temple_rhombus
Orc:1:    layout_caves, serial_shops, uniq_gastronok, uniq_snorg, uniq_josephine

Skill      XL: |  1  2  3  4  5  6  7  8  9 10 11 12 |
---------------+-------------------------------------+-----
Dodging        | 3 4 5 7 8 9 |  9.9
Shields        | 1 2 3 4 |  4.0
Long Blades    | 4 5 6 8 10 11 12 14 | 14.0
Fighting       | 4 5 6 8 9 10 11 | 11.4
Invocations    | 4 6 8 |  8.3
Stealth        | |  1.7

Action                   |  1- 3 |  4- 6 |  7- 9 | 10-12 || total
-------------------------+-------+-------+-------+-------++-------
Melee: Falchion          |    90 |    94 |       |       ||   184
       Tailslap          |    13 |    17 |    64 |   136 ||   230
       Headbutt          |       |    16 |   109 |    33 ||   158
       Long sword        |       |    49 |   294 |     7 ||   350
       Short sword       |       |       |    73 |       ||    73
       Scimitar          |       |       |       |   720 ||   720
       Kick              |       |       |       |   167 ||   167
 Abil: Breathe Dispellin |       |       |     1 |     6 ||     7
Evoke: Wand              |       |       |       |    26 ||    26
  Use: Potion            |       |     4 |       |     6 ||    10
       Scroll            |       |       |       |    16 ||    16
 Stab: Distracted        |     1 |       |     1 |     3 ||     5
       Sleeping          |     1 |       |     5 |     8 ||    14
Armor: Skin              |    20 |    28 |    46 |    98 ||   192
Dodge: Dodged            |    76 |   109 |   304 |   730 ||  1219
Block: Buckler           |    13 |    24 |    87 |   212 ||   336
       Rpst.: Falchion   |    27 |    17 |       |       ||    44
       Long sword        |       |    17 |    77 |     1 ||    95
       Scimitar          |       |       |       |   174 ||   174

Table legend: (Time is in decaauts)
 A = Elapsed time spent in this place.
 B = Non-inter-level travel time spent in this place.
 C = Inter-level travel time spent in this place.
 D = Time resting spent in this place.
 E = Time spent auto-exploring this place.
 F = Levels seen in this place.
 G = Mean time per level.
                   A        B        C        D        E       F      G
               +--------+--------+--------+--------+--------+-----+--------+
         Total |  15999 |  15308 |    691 |   2048 |  10098 |  18 |  888.8 |
       Dungeon |  14964 |  14304 |    660 |   1742 |   9793 |  15 |  997.6 |
        Temple |    208 |    177 |     31 |      0 |    139 |   1 |  208.0 |
  Orcish Mines |     28 |     28 |      0 |      0 |      3 |   1 |   28.0 |
        Bailey |    798 |    798 |      0 |    306 |    163 |   1 |  798.0 |
               +--------+--------+--------+--------+--------+-----+--------+

Top non-repeatable levels by time:
    D:10: 2119 daAuts
     D:9: 1874 daAuts
     D:3: 1720 daAuts
     D:7: 1369 daAuts
     D:8: 1175 daAuts
     D:6: 1104 daAuts
     D:5: 1078 daAuts
    D:11: 1015 daAuts
    D:12: 875 daAuts
  Bailey: 798 daAuts
     D:4: 667 daAuts
    D:15: 564 daAuts
     D:2: 540 daAuts
    D:13: 395 daAuts
    D:14: 371 daAuts
